 Dungeon Crawl Stone Soup version 0.29.1-15-g9cfb28693d (webtiles) character file.

Game seed: 7747287989966905963

2041 wawda the Slicer (level 9, -7/65 HPs)
             Began as a Demonspawn Brigand on Apr 28, 2023.
             Was an Elder of Lugonu.
             Mangled by a gnoll sergeant
             ... wielding a +2 trident of venom
              (13 damage)
             ... on level 7 of the Dungeon.
             The game lasted 00:25:24 (3227 turns).

wawda the Slicer (Demonspawn Brigand)               Turns: 3227, Time: 00:25:24

Health: -7/65      AC:  6    Str: 12    XL:     9   Next: 4%
Magic:  0/9        EV: 14    Int: 17    God:    Lugonu [****..]
Gold:   269        SH:  0    Dex: 22    Spells: 8/8 levels left

rFire   + . .      SeeInvis .   s - +5 dagger "Acwatrul" {distort, rCorr Int+4}
rCold   + . .      Faith    .   (no shield)
rNeg    . . .      Spirit   +   z - +0 steam dragon scales
rPois   +          Reflect  .   (no helmet)
rElec   +          Harm     .   (cloak unavailable)
rCorr   +          Rampage  .   (no gloves)
Will    .....                   n - +0 pair of boots
Stlth   ++++++....              l - amulet of guardian spirit
HPRegen 0.20/turn               p - +4 ring of slaying
MPRegen 0.22/turn               q - ring of resist corrosion

@: lethally poisoned (-7 -> -22), about to teleport, resistant
A: thin skeletal structure 2, magic shield, magic regeneration, weakness stinger
3
a: Renounce Religion, Depart the Abyss, Bend Space, Banish, Corrupt


You were on level 7 of the Dungeon.
You worshipped Lugonu.
Lugonu was greatly pleased with you.
You visited 1 branch of the dungeon, and saw 7 of its levels.

You collected 269 gold pieces.

Inventory:

Hand Weapons
 a - a +2 dagger
 i - a +0 whip of pain
 s - the +5 dagger "Acwatrul" (weapon) {distort, rCorr Int+4}
   (You found it on level 4 of the Dungeon)

   It warps and distorts space around it, and may blink, banish, or inflict
   extra damage upon those it strikes.
   Unwielding it can cause banishment or high damage.
   Int:       It affects your intelligence (+4).
   rCorr:     It protects you from acid and corrosion.
Missiles
 d - 14 poisoned darts (quivered)
 e - 3 curare-tipped darts
Armour
 b - a +0 robe
 c - a +0 cloak
 h - a +2 robe of fire resistance
 n - a +0 pair of boots (worn)
 y - a +2 ring mail of cold resistance
 z - +0 steam dragon scales (worn)
Jewellery
 l - an amulet of guardian spirit (around neck)
 p - a +4 ring of slaying (left hand)
 q - a ring of resist corrosion (right hand)
Wands
 v - a wand of mindburst (10)
Scrolls
 g - a scroll of magic mapping
 t - a scroll of poison
 x - a scroll of noise
 A - a scroll of torment
Potions
 j - a potion of flight
 k - 2 potions of mutation {unknown}
 o - 2 potions of haste
 r - a potion of magic
 w - a potion of curing {unknown}


   Skills:
 + Level 4.1 Fighting
 * Level 8.0 Short Blades
 + Level 1.8 Throwing
 + Level 3.4 Dodging
 + Level 7.3 Stealth


You had 8 spell levels left.
You didn't know any spells.
Your spell library contained the following spells:

 Spells                   Type           Power      Damage    Failure   Level
 Slow                     Hex            0%         N/A       24%         1
 Confusing Touch          Hex            0%         N/A       56%         3
 Gell's Gravitas          Tloc           0%         N/A       56%         3
 Lesser Beckoning         Tloc           0%         N/A       56%         3
 Teleport Other           Tloc           0%         N/A       56%         3
 Vampiric Draining        Necr           0%         2d6       56%         3


Dungeon Overview and Level Annotations

Branches:
Dungeon (7/15)
 Temple: D:4-7

Altars:
Ru
Xom
Lugonu

Shops:
D:3 :


Innate Abilities, Weirdness & Mutations

You have a moderately thin skeletal structure. (Dex +4, Stealth++)
When hurt, damage is shared between your health and your magic reserves.
You regenerate magic rapidly.
You have a sharp stinger which inflicts weakening toxins.


Message History

Items here: (( )).
A gnoll comes into view.
You feel sick. The kobold closely misses you. The gnoll barely misses you.
You closely miss the kobold.
You feel sick. The gnoll misses you. The kobold barely misses you.
You hit the kobold.
You kill the kobold!
Lugonu accepts your kill.
You feel sick.
You feel sick. The kobold hits you with a +0 dagger.
The kobold throws a stone.
The stone hits you. The gnoll closely misses you.
A gnoll comes into view. It is wielding a +0 spear.
You barely miss the kobold. The gnoll closely misses you.
The kobold barely misses you.
The gnoll sergeant hits you from afar with a +2 trident of venom.
You are more poisoned.
The kobold throws a stone.
The stone barely misses you.
The stone closely misses the kobold.
The stone barely misses the gnoll.
You hit the kobold but do no damage.
The kobold is devoured by a tear in reality.
Lugonu claims a new guest.
You feel very sick.
You feel very sick.
The kobold throws a stone.
The stone barely misses you.
The gnoll hits you from afar with a +0 halberd!
The gnoll throws a throwing net.
The throwing net barely misses you.
As you read the scroll of teleportation, it crumbles to dust.
You feel strangely unstable.
You feel sick.
The kobold throws a stone.
The stone barely misses you.
The gnoll hits you from afar with a +0 halberd!
* * * LOW HITPOINT WARNING * * *
The gnoll sergeant hits you from afar with a +2 trident of venom!
* * * LOW HITPOINT WARNING * * *
You are lethally poisoned!
You feel protected.
* * * LOW HITPOINT WARNING * * *
You feel very sick. The gnoll barely misses you.
The gnoll sergeant hits you from afar with a +2 trident of venom!
You die...

#.........!. .#g
##........... ...
##............
#....##............#
#.........(.......#
###..####...........#
......##.Kg........#
......)............#
###....gg.@........#
#..####ยงยงยง.####.##.#
... ...g### ## # #
#....# ##...# #...#
#..## #..#


You could see a gnoll sergeant, 3 gnolls and a kobold.

Vanquished Creatures
  The ghost of ShadowTiger the Chopper, an amateur OgGl (D:3)
  A steam dragon (D:6)
  2 sky beasts
  An ogre (D:5)
  2 phantoms
  A kobold brigand (D:7)
  A bullfrog (D:3)
  3 scorpions
  3 necrophages
  5 wights (D:6)
  4 hounds
  2 jellies
  An iguana (D:6)
  Natasha (D:2)
  3 orc wizards
  6 gnolls
  A river rat (D:3)
  4 adders
  An ufetubus (D:5)
  A worm (D:3)
  2 dart slugs
  9 orcs
  5 ball pythons
  6 bats
  6 endoplasms
  2 giant cockroaches
  9 goblins
  2 hobgoblins
  5 quokkas
  A frilled lizard (D:3)
  6 kobolds
  4 rats
101 creatures vanquished.

Notes
Turn   | Place    | Note
-------+----------+-------------------------------------------
     0 | D:1      | wawda the Demonspawn Brigand began the quest for the Orb.
     0 | D:1      | Reached XP level 1. HP: 16/16 MP: 1/1
   251 | D:1      | Reached skill level 2 in Short Blades
   335 | D:1      | Gained mutation: You regenerate magic rapidly. [demonic
                  | ancestry]
   335 | D:1      | Reached XP level 2. HP: 21/22 MP: 2/2
   578 | D:2      | Found a faded altar of an unknown god.
  1006 | D:2      | Prayed at the altar of an unknown god.
  1006 | D:2      | Became a worshipper of Lugonu the Unformed
  1006 | D:2      | Reached * piety under Lugonu
  1006 | D:2      | Reached ** piety under Lugonu
  1104 | D:2      | Gained mutation: You have a small tail. [demonic ancestry]
  1104 | D:2      | Reached XP level 3. HP: 13/27 MP: 3/3
  1208 | D:2      | Noticed Natasha
  1211 | D:2      | Killed Natasha
  1314 | D:3      | Found Nuighoaz's Book Shoppe.
  1579 | D:3      | Reached skill level 3 in Short Blades
  1586 | D:3      | Found a runed translucent door.
  1589 | D:3      | Noticed ShadowTiger's ghost (amateur OgGl)
  1601 | D:3      | Noticed a bullfrog
  1606 | D:3      | Reached skill level 1 in Dodging
  1610 | D:3      | Gained mutation: You have a somewhat thin skeletal
                  | structure. (Dex +2, Stealth+) [demonic ancestry]
  1610 | D:3      | Reached XP level 4. HP: 31/33 MP: 4/4
  1618 | D:3      | Killed a bullfrog
  1626 | D:3      | Gained mutation: You have a moderately thin skeletal
                  | structure. (Dex +4, Stealth++) [demonic ancestry]
  1626 | D:3      | Reached XP level 5. HP: 32/39 MP: 5/5
  1643 | D:3      | Killed ShadowTiger's ghost
  1644 | D:3      | Reached skill level 4 in Short Blades
  1644 | D:3      | Reached skill level 5 in Stealth
  1644 | D:3      | Gained mutation: You have a tail ending in a sharp stinger.
                  | [demonic ancestry]
  1644 | D:3      | Reached XP level 6. HP: 37/46 MP: 6/6
  1647 | D:3      | Found a runed translucent door.
  1700 | D:3      | Reached *** piety under Lugonu
  2015 | D:4      | Identified the +5 dagger "Acwatrul" {distort, rCorr Int+4}
  2167 | D:4      | Found a sacrificial altar of Ru.
  2341 | D:5      | Entered Level 5 of the Dungeon
  2348 | D:5      | Reached skill level 5 in Short Blades
  2390 | D:5      | Gained mutation: You have a sharp stinger which inflicts
                  | weakening toxins. [demonic ancestry]
  2390 | D:5      | Reached XP level 7. HP: 51/51 MP: 7/7
  2535 | D:5      | Reached skill level 6 in Short Blades
  2608 | D:5      | Reached XP level 8. HP: 51/58 MP: 6/8
  2862 | D:6      | Reached **** piety under Lugonu
  2866 | D:6      | Reached skill level 7 in Short Blades
  3125 | D:6      | Found a shimmering altar of Xom.
  3209 | D:7      | Reached skill level 8 in Short Blades
  3209 | D:7      | Gained mutation: When hurt, damage is shared between your
                  | health and your magic reserves. [demonic ancestry]
  3209 | D:7      | Reached XP level 9. HP: 65/65 MP: 9/9
  3227 | D:7      | Mangled by a gnoll sergeant

Illustrated notes

Levels and vault maps discovered:
D:1:      roderic_octagonal_star, layout_basic
D:2:      layout_basic, basic_ecumenical_altar, minmay_curled_crystal,
          uniq_natasha
D:3:      layout_basic, serial_shops, nicolae_shop_stone, ebering_ghost_sewer_f
D:4:      layout_gridville, mainiacjoe_overflow_concentric_impassable,
          minmay_temple_entry_sparse_star
D:5:      layout_gridville
D:6:      layout_loops_ring, led_xom_imps
D:7:      minmay_the_grid_octo_tiled_squarecenter [minmay_the_grid_octo_focus,
          minmay_the_grid_octo_vomiting_pacman, minmay_the_grid_octo_77,
          minmay_the_grid_octo_concentric,
          minmay_the_grid_square_5x5_megaprize_hollow,
          minmay_the_grid_square_5x5_n_small,
          minmay_the_grid_square_5x5_almost_minimal,
          minmay_the_grid_square_5x5_eight_small,
          minmay_the_grid_square_5x5_bite], layout_cave_pods,
          mainiacjoe_overflow_catch_the_wave, serial_gnoll_camp,
          gnoll_camp_huts_basic, gnoll_camp_medium_02, gnoll_camp_mini_doghouse,
          gnoll_camp_mini_hut

Skill      XL: |  1  2  3  4  5  6  7  8  9 |
---------------+----------------------------+-----
Short Blades   | 2 3 4 5 6 8 |  8.0
Stealth        | 4 5 6 7 |  7.3
Dodging        | 1 2 3 |  3.4
Fighting       | 3 4 |  4.1
Throwing       | |  1.8

Action                   |  1- 3 |  4- 6 |  7- 9 || total
-------------------------+-------+-------+-------++-------
Melee: Dagger            |    93 |    71 |    90 ||   254
       Tailslap          |     4 |     6 |    13 ||    23
Invok: Bend Space        |       |       |     1 ||     1
  Use: Scroll            |     3 |     5 |     3 ||    11
       Potion            |     3 |       |     1 ||     4
 Stab: Sleeping          |     9 |     5 |     5 ||    19
Armor: Robe              |    19 |    13 |     8 ||    40
       Steam dragon scal |       |       |     5 ||     5
Dodge: Dodged            |    40 |    28 |    62 ||   130
